TOP OF THE 1ST |
University of South Carolina Gamecocks batting - Pitching for University of Arizona Wildcats : LHP Grisha Bakhovtsev
|
Pitching: LHP Grisha Bakhovtsev
|
|
Batting: LHB Chris McNay
|
0-0: Ground out 6-3 (Groundball, 6, EV 103.8 MPH)
|
Batting: RHB Justin Kurutz
|
0-0: Ball 1-0: Foul Ball, location: 2F 1-1: Ball 2-1: Foul Ball, location: 2F 2-2: Foul Ball, location: 2F 2-2: Ground out U3 (Groundball, 3, EV 86.9 MPH)
|
Batting: SHB Keith Mihas
|
0-0: Swinging Strike 0-1: Called Strike 0-2: Ball 1-2: Ground out 6-3 (Groundball, 6, EV 100.6 MPH)
|
Top of the 1st over - 0 runs, 0 hits, 0 errors, 0 left on base; University of South Carolina 0 - University of Arizona 0 |
BOTTOM OF THE 1ST |
University of Arizona Wildcats batting - Pitching for University of South Carolina Gamecocks : RHP Jabari Gatewood
|
Pitching: RHP Jabari Gatewood
|
|
Batting: RHB Eddy Amaya
|
0-0: Ball 1-0: Ball 2-0: Called Strike 2-1: Swinging Strike 2-2: Foul Ball, location: 2F 2-2: Ball 3-2: Foul Ball, location: 2F 3-2: SOLO HOME RUN (Flyball, 7D, EV 101.9 MPH), Distance : 413 ft
|
Batting: LHB Jere Paatelainen
|
0-0: Swinging Strike 0-1: Ball 1-1: Foul Ball, location: 2F 1-2: Strikes out swinging
|
Batting: LHB Gerald Thornton
|
0-0: Called Strike 0-1: Swinging Strike 0-2: Ball 1-2: Ball 2-2: Ball 3-2: Base on Balls
|
Batting: RHB Ricardo Fernandez
|
0-0: Foul Ball, location: 2F 0-1: Foul Ball, location: 2F 0-2: Strikes out looking
|
Batting: RHB Ron Dondale
|
0-0: Ground out 4-3 (Groundball, 4, EV 91.2 MPH)
|
Bottom of the 1st over - 1 run, 1 hit, 0 errors, 1 left on base; University of South Carolina 0 - University of Arizona 1 |
TOP OF THE 2ND |
University of South Carolina Gamecocks batting - Pitching for University of Arizona Wildcats : LHP Grisha Bakhovtsev
|
Batting: RHB Josh Shirkey
|
0-0: Swinging Strike 0-1: Ball 1-1: Ground out 5-3 (Groundball, 56S, EV 68.1 MPH)
|
Batting: RHB Brian Passalacqua
|
0-0: Ball 1-0: Foul Ball, location: 2F 1-1: Foul Ball, location: 2F 1-2: Ground out 4-3 (Groundball, 4M, EV 82.5 MPH)
|
Batting: LHB Bert Webster
|
0-0: Foul Ball, location: 2F 0-1: Swinging Strike 0-2: Ball 1-2: SINGLE (Groundball, 4MD, EV 106.9 MPH)
|
Batting: RHB Phil Hanley
|
0-0: Ball 1-0: Called Strike 1-1: Foul Ball, location: 2F 1-2: Ground out 6-3 (Groundball, 6M, EV 106.2 MPH)
|
Top of the 2nd over - 0 runs, 1 hit, 0 errors, 1 left on base; University of South Carolina 0 - University of Arizona 1 |
BOTTOM OF THE 2ND |
University of Arizona Wildcats batting - Pitching for University of South Carolina Gamecocks : RHP Jabari Gatewood
|
Batting: RHB Larry Harlow
|
0-0: Called Strike 0-1: Called Strike 0-2: Ball 1-2: Foul Ball, location: 2F 1-2: Ground out 4-3 (Groundball, 4, EV 86.2 MPH)
|
Batting: LHB Lihau Keawe
|
0-0: Called Strike 0-1: Foul Ball, location: 2F 0-2: Ball 1-2: Strikes out swinging
|
Batting: RHB Carlos Maravilla
|
0-0: Swinging Strike 0-1: Ball 1-1: Called Strike 1-2: Strikes out swinging
|
Bottom of the 2nd over - 0 runs, 0 hits, 0 errors, 0 left on base; University of South Carolina 0 - University of Arizona 1 |
TOP OF THE 3RD |
University of South Carolina Gamecocks batting - Pitching for University of Arizona Wildcats : LHP Grisha Bakhovtsev
|
Batting: RHB Ben Turner
|
0-0: Foul Ball, location: 2F 0-1: Ball 1-1: Fly out, F8 (Flyball, 89M, EV 91.9 MPH)
|
Batting: RHB Jeff Swanson
|
0-0: Called Strike 0-1: Ball 1-1: Ground out 1-3 (Groundball, 34S, EV 70.6 MPH)
|
Batting: LHB Chris McNay
|
0-0: Ball 1-0: Swinging Strike 1-1: Swinging Strike 1-2: Ball 2-2: Strikes out swinging
|
Top of the 3rd over - 0 runs, 0 hits, 0 errors, 0 left on base; University of South Carolina 0 - University of Arizona 1 |
BOTTOM OF THE 3RD |
University of Arizona Wildcats batting - Pitching for University of South Carolina Gamecocks : RHP Jabari Gatewood
|
Batting: RHB Mark Walters
|
0-0: Ball 1-0: Ball 2-0: Ball 3-0: Called Strike 3-1: Called Strike 3-2: SINGLE (Groundball, 56D, EV 101.9 MPH)
|
Batting: RHB Eddy Amaya
|
0-0: Called Strike 0-1: Swinging Strike 0-2: Strikes out swinging
|
Batting: LHB Jere Paatelainen
|
0-0: Called Strike 0-1: Called Strike 0-2: Fielders Choice at 2nd, 4-6 (Groundball, 4, EV 102.5 MPH)
|
Batting: LHB Gerald Thornton
|
0-0: Called Strike 0-1: Called Strike Jere Paatelainen steals 2nd base 0-2: Fly out, F7 (Flyball, 7LM, EV 96.2 MPH)
|
Bottom of the 3rd over - 0 runs, 1 hit, 0 errors, 1 left on base; University of South Carolina 0 - University of Arizona 1 |
TOP OF THE 4TH |
University of South Carolina Gamecocks batting - Pitching for University of Arizona Wildcats : LHP Grisha Bakhovtsev
|
Batting: RHB Justin Kurutz
|
0-0: Called Strike 0-1: Ball 1-1: Ball 2-1: Foul Ball, location: 2F 2-2: Ball 3-2: Ground out 6-3 (Groundball, 6S, EV 85.0 MPH)
|
Batting: SHB Keith Mihas
|
0-0: Ball 1-0: Ball 2-0: Ball 3-0: Called Strike 3-1: SINGLE (Line Drive, 8RS, EV 96.2 MPH)
|
Batting: RHB Josh Shirkey
|
0-0: Called Strike 0-1: Foul Ball, location: 2F 0-2: Strikes out swinging
|
Batting: RHB Brian Passalacqua
|
0-0: Called Strike 0-1: Ball 1-1: Foul Ball, location: 2F 1-2: Foul Ball, location: 2F 1-2: Foul Ball, location: 2F 1-2: Foul Ball, location: 2F 1-2: SINGLE (Line Drive, 78S, EV 92.5 MPH) Keith Mihas to second
|
Batting: LHB Bert Webster
|
0-0: Called Strike 0-1: Ball 1-1: Ball 2-1: Foul Ball, location: 2F 2-2: Strikes out swinging
|
Top of the 4th over - 0 runs, 2 hits, 0 errors, 2 left on base; University of South Carolina 0 - University of Arizona 1 |
BOTTOM OF THE 4TH |
University of Arizona Wildcats batting - Pitching for University of South Carolina Gamecocks : RHP Jabari Gatewood
|
Batting: RHB Ricardo Fernandez
|
0-0: Ball 1-0: Ball 2-0: Ball 3-0: Base on Balls
|
Batting: RHB Ron Dondale
|
0-0: Fly out, F7 (Flyball, 78S, EV 88.1 MPH)
|
Batting: RHB Larry Harlow
|
0-0: Called Strike 0-1: Ball 1-1: Called Strike 1-2: Ball 2-2: Fly out, F9 (Flyball, 9LM, EV 92.5 MPH)
|
Batting: LHB Lihau Keawe
|
0-0: Ball 1-0: Ball 2-0: Called Strike 2-1: Ball 3-1: Base on Balls Ricardo Fernandez to second
|
Batting: RHB Carlos Maravilla
|
0-0: Ball 1-0: Fly out, F9 (Flyball, 89M, EV 96.2 MPH)
|
Bottom of the 4th over - 0 runs, 0 hits, 0 errors, 2 left on base; University of South Carolina 0 - University of Arizona 1 |
TOP OF THE 5TH |
University of South Carolina Gamecocks batting - Pitching for University of Arizona Wildcats : LHP Grisha Bakhovtsev
|
Now at 1B: George Grace
|
|
Batting: RHB Phil Hanley
|
0-0: Ball 1-0: Called Strike 1-1: SINGLE (Groundball, 4MS, EV 74.4 MPH) (infield hit)
|
Batting: RHB Ben Turner
|
0-0: SINGLE (Line Drive, 4MD, EV 103.8 MPH) Phil Hanley to second
|
Batting: RHB Jeff Swanson
|
0-0: Ball 1-0: Ball 2-0: Ball 3-0: Called Strike 3-1: Base on Balls Phil Hanley to third Ben Turner to second
|
Pinch Hitting: RHB Abel Wensink
|
0-0: Called Strike 0-1: Swinging Strike 0-2: Strikes out swinging
|
Batting: RHB Justin Kurutz
|
0-0: Swinging Strike 0-1: Ball 1-1: Foul Ball, location: 2F 1-2: Strikes out looking
|
Pitching: LHP Matt Waterbury
|
|
Batting: SHB Keith Mihas
|
0-0: Ball 1-0: Ball 2-0: SINGLE (Flyball, 89S, EV 88.8 MPH) Phil Hanley scores Ben Turner to third Jeff Swanson to second
|
Batting: RHB Josh Shirkey
|
0-0: Called Strike 0-1: Ball 1-1: SINGLE (Groundball, 56D, EV 94.4 MPH) Ben Turner scores Jeff Swanson to third Keith Mihas to second
|
Pinch Hitting: RHB Joel Bany
|
0-0: Ball 1-0: Hit by Pitch Jeff Swanson scores Keith Mihas to third Josh Shirkey to second
|
Batting: LHB Bert Webster
|
0-0: Called Strike 0-1: Swinging Strike 0-2: Ball 1-2: Strikes out swinging
|
Top of the 5th over - 3 runs, 4 hits, 0 errors, 3 left on base; University of South Carolina 3 - University of Arizona 1 |
BOTTOM OF THE 5TH |
University of Arizona Wildcats batting - Pitching for University of South Carolina Gamecocks : RHP Jabari Gatewood
|
Now at C: Pete Fitchett
|
|
Now at 1B: Joel Bany
|
|
Now in RF: Gregg Burchett
|
|
Batting: RHB Mark Walters
|
0-0: Foul Ball, location: 2F 0-1: Ball 1-1: Called Strike 1-2: Ball 2-2: Fly out, F9 (Flyball, 89M, EV 86.9 MPH)
|
Batting: SHB George Grace
|
0-0: Ball 1-0: Ball 2-0: Called Strike 2-1: SINGLE (Flyball, 3D, EV 90.6 MPH)
|
Pinch Hitting: LHB Kevin Verret
|
0-0: Ball 1-0: Called Strike 1-1: Called Strike George Grace is caught stealing 2nd base 2-6 1-2: Fly out, F9 (Flyball, 9LMF, EV 96.9 MPH)
|
Bottom of the 5th over - 0 runs, 1 hit, 0 errors, 0 left on base; University of South Carolina 3 - University of Arizona 1 |
TOP OF THE 6TH |
University of South Carolina Gamecocks batting - Pitching for University of Arizona Wildcats : LHP Matt Waterbury
|
Now in LF: Kevin Verret
|
|
Now in CF: Gerald Thornton
|
|
Pinch Hitting: LHB Jörg Young
|
0-0: Ball 1-0: Called Strike 1-1: Fly out, F7 (Flyball, 7, EV 95.6 MPH)
|
Batting: RHB Ben Turner
|
0-0: Swinging Strike 0-1: Ball 1-1: Ball 2-1: Called Strike 2-2: Strikes out swinging
|
Batting: LHB Pete Fitchett
|
0-0: Called Strike 0-1: SINGLE (Groundball, 6MD, EV 103.1 MPH)
|
Batting: LHB Gregg Burchett
|
0-0: Called Strike 0-1: Ball 1-1: SINGLE (Groundball, 4MD, EV 97.5 MPH) Pete Fitchett to second
|
Pinch Hitting: LHB David Fowler
|
0-0: Ball 1-0: Ball 2-0: Called Strike 2-1: Foul Ball, location: 2F 2-2: Ball 3-2: Strikes out swinging
|
Top of the 6th over - 0 runs, 2 hits, 0 errors, 2 left on base; University of South Carolina 3 - University of Arizona 1 |
BOTTOM OF THE 6TH |
University of Arizona Wildcats batting - Pitching for University of South Carolina Gamecocks : RHP Jabari Gatewood
|
Pitching: LHP Juichi Tanaka
|
|
Now in LF: David Fowler
|
|
Now in CF: Jörg Young
|
|
Pinch Hitting: SHB Pat Kidd
|
0-0: Called Strike 0-1: Ball 1-1: Ball 2-1: Ball 3-1: Base on Balls
|
Batting: RHB Ricardo Fernandez
|
0-0: Ball 1-0: Ball 2-0: Foul Ball, location: 2F 2-1: SINGLE (Flyball, 3D, EV 96.2 MPH) Pat Kidd to second
|
Batting: RHB Ron Dondale
|
0-0: Ball 1-0: Ball 2-0: Swinging Strike 2-1: Ball 3-1: Called Strike 3-2: Foul Ball, location: 2F 3-2: Base on Balls Pat Kidd to third Ricardo Fernandez to second
|
Batting: RHB Larry Harlow
|
0-0: Ball 1-0: Swinging Strike 1-1: Ball 2-1: Ball 3-1: Called Strike 3-2: Grounds into fielders choice 5-2 (Groundball, 5, EV 100.6 MPH) Ricardo Fernandez to third Ron Dondale to second
|
Batting: LHB Lihau Keawe
|
0-0: Foul Ball, location: 2F 0-1: Ball 1-1: SINGLE (Groundball, 4D, EV 97.5 MPH) Ricardo Fernandez scores Ron Dondale to third Larry Harlow to second Runner from 3rd tries for Home, SAFE, throw by CF to home
|
Pitching: LHP Cris Duran
|
|
Batting: RHB Carlos Maravilla
|
0-0: Ball 1-0: SINGLE (Flyball, 56D, EV 81.2 MPH) Larry Harlow to third Lihau Keawe to second
|
Batting: LHB Victor Silva
|
0-0: Ball 1-0: Called Strike 1-1: Called Strike 1-2: Ball 2-2: Ball 3-2: Foul Ball, location: 2F 3-2: Strikes out swinging
|
Batting: SHB George Grace
|
0-0: Called Strike 0-1: Ball 1-1: Ball Passed Ball! Larry Harlow scores Lihau Keawe to third Carlos Maravilla to second 2-1: Ball 3-1: Base on Balls
|
Batting: LHB Kevin Verret
|
0-0: Called Strike 0-1: Called Strike 0-2: Strikes out swinging
|
Bottom of the 6th over - 3 runs, 3 hits, 0 errors, 3 left on base; University of South Carolina 3 - University of Arizona 4 |
TOP OF THE 7TH |
University of South Carolina Gamecocks batting - Pitching for University of Arizona Wildcats : LHP Matt Waterbury
|
Pitching: RHP Rogelio Chavez
|
|
Now in CF: Pat Kidd
|
|
Batting: RHB Danny Narvaez
|
0-0: Ball 1-0: Ball 2-0: Ground out 4-3 (Groundball, 4, EV 97.5 MPH)
|
Batting: RHB Josh Shirkey
|
0-0: Ball 1-0: SINGLE (Groundball, 6S, EV 69.4 MPH) (infield hit)
|
Pinch Hitting: RHB Lance Neldon
|
0-0: Grounds into double play, 5-4-3 (Groundball, 5, EV 88.8 MPH)
|
Top of the 7th over - 0 runs, 1 hit, 0 errors, 0 left on base; University of South Carolina 3 - University of Arizona 4 |
BOTTOM OF THE 7TH |
University of Arizona Wildcats batting - Pitching for University of South Carolina Gamecocks : LHP Cris Duran
|
Pitching: RHP Nelson Knopp
|
|
Now at 1B: Lance Neldon
|
|
Now at 3B: Steve Gibson
|
|
Batting: SHB Pat Kidd
|
0-0: Called Strike 0-1: Ball 1-1: Ground out 6-3 (Groundball, 6, EV 77.5 MPH)
|
Batting: RHB Ricardo Fernandez
|
0-0: Called Strike 0-1: Ball 1-1: Ball 2-1: Called Strike 2-2: Ball 3-2: Ground out 6-3 (Groundball, 6D, EV 97.5 MPH)
|
Batting: RHB Ron Dondale
|
0-0: Ground out 4-3 (Groundball, 4, EV 85.0 MPH)
|
Bottom of the 7th over - 0 runs, 0 hits, 0 errors, 0 left on base; University of South Carolina 3 - University of Arizona 4 |
TOP OF THE 8TH |
University of South Carolina Gamecocks batting - Pitching for University of Arizona Wildcats : RHP Rogelio Chavez
|
Batting: LHB Bert Webster
|
0-0: Swinging Strike 0-1: Ball 1-1: Called Strike 1-2: Ball 2-2: Foul Ball, location: 2F 2-2: Strikes out swinging
|
Pitching: LHP Lance Freake
|
|
Batting: LHB Jörg Young
|
0-0: Called Strike 0-1: Foul Ball, location: 2F 0-2: DOUBLE (Flyball, 78XD, EV 114.4 MPH)
|
Pitching: RHP Steve Smit
|
|
Batting: RHB Ben Turner
|
0-0: Ball Passed Ball! Jörg Young to third 1-0: Ground out 5-3 (Groundball, 5, EV 104.4 MPH)
|
Pinch Hitting: LHB Corey Lomas
|
0-0: Ball 1-0: Ball 2-0: Foul Ball, location: 2F 2-1: Ball 3-1: Base on Balls
|
Batting: LHB Gregg Burchett
|
0-0: Ball 1-0: Called Strike 1-1: Swinging Strike 1-2: DOUBLE (Line Drive, 78D, EV 104.4 MPH) Jörg Young scores Corey Lomas to third
|
Batting: LHB David Fowler
|
0-0: Foul Ball, location: 2F 0-1: Foul Ball, location: 2F 0-2: Strikes out swinging
|
Top of the 8th over - 1 run, 2 hits, 0 errors, 2 left on base; University of South Carolina 4 - University of Arizona 4 |
BOTTOM OF THE 8TH |
University of Arizona Wildcats batting - Pitching for University of South Carolina Gamecocks : RHP Nelson Knopp
|
Pitching: RHP Danny Ramos
|
|
Now at C: Jonathan Long
|
|
Batting: RHB Larry Harlow
|
0-0: Ball 1-0: Ground out 1-3 (Groundball, 13S, EV 66.9 MPH)
|
Batting: LHB Lihau Keawe
|
0-0: Foul Ball, location: 2F 0-1: Ball 1-1: Ground out 6-3 (Groundball, P, EV 83.8 MPH)
|
Batting: RHB Carlos Maravilla
|
0-0: Called Strike 0-1: Foul Ball, location: 2F 0-2: Strikes out looking
|
Bottom of the 8th over - 0 runs, 0 hits, 0 errors, 0 left on base; University of South Carolina 4 - University of Arizona 4 |
TOP OF THE 9TH |
University of South Carolina Gamecocks batting - Pitching for University of Arizona Wildcats : RHP Steve Smit
|
Pitching: LHP Jamal Jeter
|
|
Batting: RHB Danny Narvaez
|
0-0: Foul Ball, location: 2F 0-1: Ball 1-1: Ground out U3 (Groundball, 34, EV 103.8 MPH)
|
Batting: RHB Steve Gibson
|
0-0: Called Strike 0-1: Called Strike 0-2: Ball 1-2: Strikes out swinging
|
Batting: RHB Lance Neldon
|
0-0: SOLO HOME RUN (Flyball, 7LD, EV 91.9 MPH), Distance : 362 ft
|
Batting: LHB Bert Webster
|
0-0: Foul Ball, location: 2F 0-1: SINGLE (Groundball, 4MD, EV 110.6 MPH)
|
Batting: LHB Jörg Young
|
0-0: Swinging Strike 0-1: Foul Ball, location: 2F 0-2: Ball 1-2: Fly out, F4 (Line Drive, 4MD, EV 67.5 MPH)
|
Top of the 9th over - 1 run, 2 hits, 0 errors, 1 left on base; University of South Carolina 5 - University of Arizona 4 |
BOTTOM OF THE 9TH |
University of Arizona Wildcats batting - Pitching for University of South Carolina Gamecocks : RHP Danny Ramos
|
Pitching: RHP Trent Lipinski
|
|
Batting: LHB Victor Silva
|
0-0: Ball 1-0: Ground out 6-3 (Groundball, 6, EV 101.9 MPH)
|
Batting: SHB George Grace
|
0-0: Ball 1-0: Ball 2-0: Foul Ball, location: 2F 2-1: Ball 3-1: Base on Balls
|
Batting: LHB Kevin Verret
|
0-0: Ball 1-0: Grounds into double play, 6-4-3 (Groundball, 6M, EV 86.2 MPH)
|
Bottom of the 9th over - 0 runs, 0 hits, 0 errors, 0 left on base; University of South Carolina 5 - University of Arizona 4 |
|